 Dungeon Crawl Stone Soup version 0.16.1-11-g651b585 (webtiles) character file.

854 KarvaRausku the Shield-Bearer (level 8, 0/70 HPs)
             Began as a Hill Orc Fighter on Apr 6, 2015.
             Slain by a killer bee (2 damage)
             ... on level 5 of the Dungeon.
             The game lasted 00:18:11 (5026 turns).

KarvaRausku the Shield-Bearer (Hill Orc Fighter)    Turns: 5026, Time: 00:18:12

Health: 0/70       AC:  8    Str: 21    XL:     8   Next: 1%
Magic:  8/8        EV:  9    Int: 12    God:
Gold:   92         SH: 10    Dex: 14    Spells: 0 memorised, 7 levels left

rFire  . . .     SeeInvis .     A - +8 war axe of Compound Interest {flame, Dex+4}
rCold  . . .     Clarity  .     b - +0 scale mail
rNeg   . . .     SustAb   .     c - +0 shield
rPois  .         Gourm    .     (no helmet)
rElec  .         Spirit   .     (no cloak)
rCorr  .         Warding  .     B - +0 pair of gloves
rMut   .         Stasis   .     (no boots)
MR     .....                    (no amulet)
Stlth  ..........               (no ring)
                                w - +4 ring of intelligence

@: lethally poisoned (0 -> -26), about to teleport, not resistant to hostile
enchantments, extremely unstealthy
A: no striking features
a: no special abilities


You were on level 5 of the Dungeon.
You were hungry.

You visited 2 branches of the dungeon, and saw 6 of its levels.

You collected 330 gold pieces.
You spent 238 gold pieces at shops.

Inventory:

Hand weapons
 a - a +1 war axe
 z - a +0 arbalest
 A - the +8 war axe of Compound Interest (weapon) {flame, Dex+4}
   (You bought it in a shop on level 5 of the Dungeon)

   It has been specially enchanted to burn those struck by it, causing extra
   injury to most foes and up to half again as much damage against particularly
   susceptible opponents.
   Big, fiery blades are also staple armaments of hydra-hunters.
   It affects your dexterity (+4).
Missiles
 t - 2 tomahawks (quivered)
Armour
 b - a +0 scale mail (worn)
 c - a +0 shield (worn)
 o - a +0 ring mail
 q - a +0 leather armour
 s - a +0 ring mail
 u - a +0 leather armour
 B - a +0 pair of gloves (worn)
Jewellery
 w - a +4 ring of intelligence (left hand)
Scrolls
 h - 4 scrolls of identify
 i - a scroll of fog {unknown}
 j - a scroll of random uselessness {unknown}
 m - 2 scrolls of magic mapping {unknown}
 n - a scroll of blinking {unknown}
 p - 2 scrolls of teleportation
 r - a scroll of recharging {unknown}
 x - 2 scrolls of remove curse {unknown}
 y - 3 scrolls of enchant weapon
Potions
 e - a potion of might
 f - a potion of heal wounds {unknown}
 l - a potion of flight {unknown}
 v - a potion of haste {unknown}
Comestibles
 d - a meat ration
 g - 2 beef jerkies
 k - 3 bread rations
 C - a slice of pizza


   Skills:
 + Level 5.9 Fighting
 * Level 5.2 Axes
 - Level 5.8 Armour
 - Level 2.1 Dodging
 - Level 6.0 Shields


You had 7 spell levels left.
You didn't know any spells.

Dungeon Overview and Level Annotations

Branches:
Dungeon (5/15)             Temple (1/1) D:4

Altars:
Ashenzari
Cheibriados
Dithmenos
Elyvilon
Fedhas
Gozag
Kikubaaqudgha
Makhleb
Nemelex Xobeh
Okawaru
Qazlal
Ru
Sif Muna
Trog
Vehumet
Xom
Yredelemnul
Zin
The Shining One

Shops:
D:5 (


Message History

You are more poisoned.
The killer bee poisons you! The killer bee stings you.
* * * LOW HITPOINT WARNING * * *
* * * LOW HITPOINT WARNING * * *
You feel sick. The killer bee stings you!
* * * LOW HITPOINT WARNING * * *
You block the killer bee's attack.
The killer bee stings you but does no damage.
As you read the scroll of teleportation, it crumbles to dust.
You feel strangely unstable.
* * * LOW HITPOINT WARNING * * *
You feel sick. The killer bee completely misses you.
You block the killer bee's attack. The killer bee stings you.
* * * LOW HITPOINT WARNING * * *
The killer bee stings you.
* * * LOW HITPOINT WARNING * * *
You are more poisoned.
The killer bee poisons you! You block the killer bee's attack.
The killer bee closely misses you. The killer bee stings you.
You die...

#y# #...###### #. #.#
#........# #. #.# #........#
#. #.## ##..#####.# #.
#..#########...#...#.# #.
#..............'...#.# ##.
##..............#...#.# #..
##.....)..yy.....#####.# #..
..........yy@..........(# #..
#...##.....y......#########..
#... #.......####..### ##...
..# ##....### ##...####.... .
#....# ##.......... ##...#
##.......#. ##..# ##....#<.#
##..# ##...#... ##..#
#.......)


You could see 5 killer bees.

Vanquished Creatures
  The ghost of deszczowiec the Shield-Bearer, an average FoFi (D:5)
  The ghost of trantor the Charmwright, an average HESk of Okawaru (D:4)
  2 centaurs (D:5)
  A centaur zombie (D:5)
  A giant frog zombie (D:5)
  A hound (D:4)
  An orc priest (D:3)
  2 orc wizards
  A worker ant (D:4)
  A worker ant zombie (D:5)
  7 adders
  2 worms (D:2)
  6 giant geckos
  An ooze (D:1)
  12 orcs
  A bat skeleton (D:4)
  10 giant cockroaches
  14 hobgoblins
  11 jackals
  A quokka (D:3)
  9 bats
  A giant gecko skeleton (D:5)
  4 giant newts
  20 goblins
  7 kobolds
  A quokka skeleton (D:5)
  A quokka zombie (D:5)
  10 rats
130 creatures vanquished.

Notes
Turn   | Place    | Note
--------------------------------------------------------------
     0 | D:1      | KarvaRausku, the Hill Orc Fighter, began the quest for the Orb.
     0 | D:1      | Reached XP level 1. HP: 19/19 MP: 1/1
   205 | D:1      | Reached XP level 2. HP: 17/27 MP: 2/2
   579 | D:1      | Reached XP level 3. HP: 31/33 MP: 3/3
  1313 | D:2      | Reached skill level 4 in Fighting
  1351 | D:2      | Reached XP level 4. HP: 37/40 MP: 4/4
  1952 | D:3      | Reached skill level 1 in Dodging
  2261 | D:3      | Found a glowing golden altar of the Shining One.
  2599 | D:3      | Reached XP level 5. HP: 40/46 MP: 5/5
  2896 | D:4      | Found a burning altar of Makhleb.
  3239 | D:4      | Reached XP level 6. HP: 25/53 MP: 6/6
  3269 | D:4      | Noticed trantor's ghost (average HESk)
  3484 | D:4      | Killed trantor's ghost
  3560 | D:4      | Found a staircase to the Ecumenical Temple.
  3566 | Temple   | Entered the Ecumenical Temple
  3737 | D:5      | Entered Level 5 of the Dungeon
  3798 | D:5      | Noticed deszczowiec's ghost (average FoFi)
  3929 | D:4      | Reached skill level 5 in Shields
  4023 | D:5      | Reached skill level 5 in Fighting
  4023 | D:5      | Reached skill level 5 in Armour
  4023 | D:5      | Reached XP level 7. HP: 28/61 MP: 7/7
  4751 | D:5      | Found Daed's Antique Weapon Boutique.
  4764 | D:5      | Bought a polished war axe for 238 gold pieces
  4764 | D:5      | Identified the +8 war axe of Compound Interest {flame, Dex+4} (You bought it in a shop on level 5 of the Dungeon)
  4832 | D:5      | Killed deszczowiec's ghost
  4832 | D:5      | Reached skill level 5 in Axes
  5007 | D:5      | Reached skill level 6 in Shields
  5007 | D:5      | Reached XP level 8. HP: 62/70 MP: 8/8
  5026 | D:5      | HP: 2/70 [killer bee (2)]
  5026 | D:5      | Slain by a killer bee

Action                   |  1- 3 |  4- 6 |  7- 9 || total
-------------------------+-------+-------+-------++-------
Melee: War axe           |   147 |   193 |    89 ||   429
  Use: Scroll            |       |     3 |     2 ||     5
       Potion            |       |       |     1 ||     1
  Eat: Chunk             |     2 |     7 |     4 ||    13
